 Dungeon Crawl Stone Soup version 0.30-a0-782-ge64f9170bb (webtiles) character file.

Game seed: 16005270112989135373

117871 IndexError the Marksgargoyle (level 16, -1/99 HPs)
             Began as a Gargoyle Hexslinger on Feb 22, 2023.
             Was the Champion of Hepliaklqana.
             Slain by an orc knight
             ... wielding a +0 battleaxe
              (22 damage)
             ... on level 2 of the Orcish Mines.
             The game lasted 01:26:18 (26779 turns).

IndexError the Marksgargoyle (Gargoyle Hexslinger) Turns: 26779, Time: 01:26:18

Health: -1/99      AC: 33    Str: 22    XL:     16   Next: 75%
Magic:  13/17      EV: 16    Int: 14    God:    Hepliaklqana [******]
Gold:   1338       SH:  0    Dex: 19    Spells: 12/29 levels left

rFire   . . .      SeeInvis .    z - +10 arbalest of Pouhuon {elec, rElec}
rCold   + + .      Faith    .    (shield currently unavailable)
rNeg    + + .      Spirit   .    Z - +5 ring mail of the Hills {Fly rC- Will+ Dex+3}
rPois   ∞          Reflect  .    (no helmet)
rElec   +          Harm     .    i - +2 cloak
rCorr   .          Rampage  .    y - +0 pair of gloves
Will    ++...                    L - +2 pair of boots
Stlth   +                        K - amulet of Yroal {rC+++ rN+ Regen+ MP-9 Str+6}
HPRegen 1.16/turn                u - +5 ring of evasion
MPRegen 0.15/turn                V - ring of wizardry {Wiz+, !d}

@: flying
A: reduced essence, sickness immunity, AC +12, big wings, negative energy
resistance 1, electricity resistance, torment resistance 1, petrification
resistance
a: Renounce Religion, Recall Ancestor, Ancestor Identity, Transference, Idealise


You were on level 2 of the Orcish Mines.
You worshipped Hepliaklqana.
Hepliaklqana was exalted by your worship.
You visited 3 branches of the dungeon, and saw 22 of its levels.
You visited the Abyss 1 time.

You collected 2352 gold pieces.
You spent 1014 gold pieces at shops.

Inventory:

Hand Weapons
 z - the +10 arbalest of Pouhuon (weapon) {elec, rElec}
   (You found it on level 8 of the Dungeon)

   rElec:     It insulates you from electricity.
 M - a +6 hand crossbow of chaos
   (You found it on level 5 of the Lair of Beasts)
Missiles
 s - a curare-tipped dart
Armour
 i - a +2 cloak (worn)
   (You found it on level 7 of the Dungeon)
 y - a +0 pair of gloves (worn)
   (You found it on level 4 of the Dungeon)
 L - a +2 pair of boots (worn)
   (You found it on level 7 of the Dungeon)
 Z - the +5 ring mail of the Hills (worn) {Fly rC- Will+ Dex+3}
   (You found it on level 7 of the Dungeon)

   Dex:       It affects your dexterity (+3).
   rC:        It makes you vulnerable to cold.
   Fly:       It grants you flight.
   Will:      It increases your willpower.
Jewellery
 d - a ring of protection from fire {rF+, !d}
   (You found it on level 9 of the Dungeon)
 u - a +5 ring of evasion (left hand)
   (You found it on level 1 of the Lair of Beasts)
 K - the amulet of Yroal (around neck) {rC+++ rN+ Regen+ MP-9 Str+6}
   (You bought it in a shop on level 5 of the Dungeon)

   [amulet of regeneration]

   Str:       It affects your strength (+6).
   rC:        It renders you almost immune to cold.
   rN:        It protects you from negative energy.
   MP:        It affects your magic capacity (-9).
   Regen:     It increases your rate of health regeneration.
 V - a ring of wizardry (right hand) {Wiz+, !d}
   (You found it on level 9 of the Dungeon)
Wands
 c - a wand of digging (4)
   (You found it on level 6 of the Dungeon)
 k - a wand of mindburst (23)
   (You found it on level 9 of the Dungeon)
 w - a wand of charming (13)
   (You found it on level 4 of the Dungeon)
 A - a wand of polymorph (24)
   (You found it on level 5 of the Dungeon)
 F - a wand of flame (29)
   (You took it off Maurice on level 8 of the Dungeon)
 G - a wand of roots (28)
   (You found it on level 7 of the Dungeon)
 W - a wand of quicksilver (7)
   (You found it on level 11 of the Dungeon)
Scrolls
 b - 2 scrolls of poison
 e - 5 scrolls of teleportation
 m - 3 scrolls of identify
 n - 3 scrolls of amnesia
 o - 4 scrolls of immolation {!r}
 p - a scroll of summoning
 v - 5 scrolls of magic mapping {!r}
 x - 3 scrolls of fog
 B - 6 scrolls of fear
Potions
 f - 4 potions of attraction {!q}
 g - 7 potions of might
 h - 5 potions of brilliance
 j - 11 potions of curing
 l - 2 potions of heal wounds
 r - 2 potions of resistance
 t - 7 potions of mutation {!q}
 C - 3 potions of invisibility
 D - 3 potions of flight
 E - 3 potions of lignification {unknown}
 J - a potion of magic {unknown}
 N - 2 potions of haste
 O - a potion of ambrosia {unknown}
 Y - a potion of cancellation
Miscellaneous
 a - a phantom mirror
   (You found it on level 13 of the Dungeon)
 q - a lightning rod (4/4)
   (You found it on level 4 of the Lair of Beasts)
 H - a condenser vane
   (You found it on level 13 of the Dungeon)
 I - a box of beasts
   (You found it on level 5 of the Lair of Beasts)


   Skills:
 - Level 16.4 Fighting
 - Level 18.0 Ranged Weapons
 - Level 12.0 Armour
 - Level 1.5 Dodging
 + Level 7.1 Spellcasting
 + Level 7.1 Hexes
 + Level 1.0 Translocations
 - Level 12.0 Invocations


You had 12 spell levels left.
You knew the following spells:

 Your Spells              Type           Power      Damage    Failure   Level
a - Tukima's Dance        Hex            25%        N/A       1%          3
b - Cause Fear            Hex            12%        N/A       4%          4
c - Portal Projectile     Hex/Tloc       32%        N/A       4%          3
d - Blink                 Tloc           16%        N/A       8%          2
e - Passage of Golubria   Tloc           8%         N/A       43%         4
s - Slow                  Hex            100%       N/A       1%          1

Your spell library contained the following spells:

 Spells                   Type           Power      Damage    Failure   Level
 Inner Flame              Hex/Fire       15%        N/A       6%          3
 Summon Guardian Golem    Hex/Summ       15%        N/A       6%          3
 Lesser Beckoning         Tloc           16%        N/A       8%          2
 Momentum Strike          Conj/Tloc      12%        3d8       10%         2
 Static Discharge         Conj/Air       8%         2-3/arc   12%         2
 Leda's Liquefaction      Hex/Erth       7%         N/A       17%         4
 Vhi's Electric Charge    Tloc/Air       12%        N/A       19%         3
 Ozocubu's Armour         Ice            4%         N/A       24%         3
 Metabolic Englaciation   Hex/Ice        7%         N/A       43%         5
 Yara's Violent Unravell  Hex/Tmut       7%         3d5       43%         5
 Animate Dead             Necr           4%         N/A       58%         4
 Arcjolt                  Conj/Air       2%         1d12      89%         5
 Blade Hands              Tmut           2%         N/A       89%         5
 Iskenderun's Battlesphe  Conj           4%         2d6       89%         5
 Lee's Rapid Deconstruct  Erth           2%         3d4*      89%         5
 Lightning Bolt           Conj/Air       2%         1d13      89%         5
 Iron Shot                Conj/Erth      2%         9d2       100%        6
 Simulacrum               Ice/Necr       2%         N/A       100%        6
 Starburst                Conj/Fire      2%         6d3       100%        6
 Malign Gateway           Summ/Tloc      3%         N/A       100%        7
 Monstrous Menagerie      Summ           2%         N/A       100%        7
 Spellforged Servitor     Conj/Summ      2%         N/A       100%        7
 Summon Horrible Things   Summ           2%         N/A       100%        8


Dungeon Overview and Level Annotations

Branches:
Dungeon (15/15)            Temple (0/1) D:7            Lair (5/5) D:11
  Swamp (0/4) Lair:2       Spider (0/4) Lair:3        Slime (0/5) Lair:5
    Orc (2/2) D:12         Vaults (0/5) D:13         Depths (0/4) D:15
    Elf: Orc:2

Altars:
Ashenzari
Cheibriados
Hepliaklqana
Kikubaaqudgha
Makhleb
Nemelex Xobeh
Qazlal
Ru
Sif Muna
Trog
Uskayaw
Vehumet
Xom
Yredelemnul
Zin
The Shining One
Jiyva

Shops:
D:5 ?*(=?   D:6 :   D:10 !   D:14 :

Annotations:
Orc:2 Saint Roka


Innate Abilities, Weirdness & Mutations

Your life essence is reduced to manifest your ancestor. (-10% HP)
You are immune to sickness and miasma.
Your stone body is resilient. (AC +12)
You are immune to poison.
Your large and strong wings let you fly.
You resist negative energy. (rN+)
You are resistant to electric shocks. (rElec)
You are resistant to unholy torment.
You are immune to petrification.


Message History

An orc wizard comes into view. It is wielding a +1 dagger of draining.
Samara is smitten.
You hear a shout!
Warning x2: The orc sorcerer can cast Paralyse, Summon Demon, Animate Dead, Bolt of Fire!
The orc knight can hit for high damage!
You now have 14/17 mp.
Fire: z) +10 arbalest of Pouhuon {elec, rElec}
Press: ? - help, Q - select action Shift-Dir - straight line, f - orc sorcerer
Aim: an orc sorcerer, wielding a +0 dagger and wearing a +0 robe (76% to hit)
You magically shoot a bolt.
The bolt hits the orc sorcerer!
Samara casts a spell at the warg.
The stone arrow hits the warg!!
Saint Roka the Messiah comes into view.
They are wielding a +3 long sword of flaming.
Warning x2: The orc sorcerer can cast Paralyse, Summon Demon, Animate Dead, Bolt of Fire!
The orc knight can hit for high damage!
You now have 13/17 mp.
Fire: z) +10 arbalest of Pouhuon {elec, rElec}
Press: ? - help, Q - select action Shift-Dir - straight line, f/p - orc sorcerer
Aim: an orc sorcerer, wielding a +0 dagger and wearing a +0 robe (moderately wounded, 76% to hit)
You magically shoot a bolt.
The bolt hits the orc sorcerer!!
The orc wizard gestures at you while chanting.
The magic dart hits you.
The orc warrior closely misses Samara.
An orc wizard comes into view. It is wielding a +0 dagger.
Saint Roka roars a battlecry!
The orcs go into a battle-frenzy!
You hear a shout! x3
Your Translocations skill increases to level 1!
Spoiler Alert: The orc knight (strong) can hit for high damage!
You take 1 damage, and have 98/99 hp.
You now have 12/17 mp.
Fire: z) +10 arbalest of Pouhuon {elec, rElec}
Press: ? - help, Q - select action Shift-Dir - straight line, f - orc knight
Aim: an orc knight, wielding a +0 battleaxe and wearing a +0 plate armour (strong, 80% to hit)
You magically shoot a bolt.
The bolt hits the orc knight but does no damage.
Samara hits the orc warrior with a +0 quarterstaff!!
The orc warrior unwields a +0 hand axe.
The orc warrior wields a +2 arbalest of flaming.
It bursts into flame!
The orc warrior shoots a bolt.
The bolt hits Samara!
An orc comes into view. It is wielding a +0 short sword.
Saint Roka invokes the aid of Beogh against you.
Beogh smites you!
Samara casts a spell at the orc warrior.
The bolt of magma hits the orc warrior!!
The bolt of magma misses Saint Roka.
Spoiler Alert: The orc knight (strong, ally target) can hit for high damage!
You take 11 damage, and have 87/99 hp.
You now have 11/17 mp.
Unknown command.
Spoiler Alert: The orc knight (strong, ally target) can hit for high damage!
The orc wizard closely misses Samara.
Spoiler Alert: The orc knight (strong, ally target) can hit for high damage!
You are no longer teleporting projectiles to their destination.
Samara hits the orc warrior with a +0 quarterstaff!
Spoiler Alert: The orc knight (strong, ally target) can hit for high damage!
You shoot a bolt. The bolt hits the orc knight!!
The orc wizard closely misses Samara.
Saint Roka calls down the wrath of Beogh upon you.
Beogh smites you!
Spoiler Alert: The orc knight (strong, ally target) can hit for high damage!
You take 8 damage, and have 81/99 hp.
You shoot a bolt.
The bolt completely misses the orc knight.
The orc warrior hits you but does no damage.
The orc knight roars a battlecry!
Saint Roka goes into a battle-frenzy!
An orc warrior comes into view. It is wielding a +0 halberd.
The orc wizard mumbles some strange words.
The orc wizard flickers and vanishes!
Deactivating autopickup; reactivate with Ctrl-A.
You hear a shout!
Spoiler Alert: The orc knight (strong, ally target) can hit for high damage!
You regained 2 hp, and now have 83/99 hp.
You shoot a bolt. The bolt closely misses the orc knight.
Samara is smitten.
The orc warrior closely misses you.
The orc wizard hits Samara but does no damage.
The orc knight hits you with a +0 battleaxe!!
The orc knight hits Samara with a +0 battleaxe!!
An orc warrior comes into view. It is wielding a +0 scimitar.
Spoiler Alert: The orc knight (strong) can hit for high damage!
You take 23 damage, and have 60/99 hp.
MASSIVE DAMAGE!!
The orc knight attacks as you move away!
The orc knight hits you with a +0 battleaxe!!
The orc wizard gestures wildly while chanting.
The orc wizard flickers and vanishes!
Saint Roka mumbles some strange prayers to Beogh against you.
Beogh smites you!
* * * LOW HITPOINT WARNING * * *
You hear a shout! x2
Spoiler Alert: The orc knight (strong) can hit for high damage!
You take 32 damage, and have 28/99 hp.
MASSIVE DAMAGE!!
Saint Roka calls down the wrath of Beogh upon you.
Beogh smites you!
* * * LOW HITPOINT WARNING * * *
Spoiler Alert: The orc knight (strong) can hit for high damage!
You take 11 damage, and have 17/99 hp.
Spoiler Alert: The orc knight (strong) can hit for high damage!
Spoiler Alert: The orc knight (strong) can hit for high damage!
You regained 2 hp, and now have 20/99 hp.
Spoiler Alert: The orc knight (strong) can hit for high damage!
The orc knight attacks as you move away!
The orc knight hits you with a +0 battleaxe!!
You die...

##..o.†...# .......
##.........# ...#...# ##
#......o...####......# .#
#..........#.#.(....# .#
##.#...o..#.....)..# ##
......#.####.#.....# ..
........#o###.#..)..### .##
#.#.......o...........## ##
#####...#..@...........#
####.# #######.###....##.##
#..#.### ##.#....## ###.....#
#.....### ##......####
###.......#
...........####.........###
..........###.............##
...........#...............##
...........#................##


You could see an orc knight (strong), an orc warrior (strong) and an orc wizard
(strong).

Vanquished Creatures
  A bone dragon (Abyss:2)
  Agnes (D:14)
  Louise (D:14)
  Nessos (D:15)
  5 dire elephants (Lair:5)
  A starcursed mass (Abyss:2)
  Snorg (D:11)
  A rakshasa (Abyss:2)
  A catoblepas (D:13)
  2 hydras
  An ogre mage (D:14)
  4 centaur warriors
  6 tengu warriors
  10 death yaks
  3 boulder beetles
  5 two-headed ogres
  4 death knights
  2 spectral dire elephants (Lair:5)
  A soul eater (D:14)
  A wretched star (Abyss:2)
  2 sixfirhies
  5 skeletal warriors
  A spectral anaconda (Lair:5)
  A phantasmal warrior (D:15)
  An obsidian statue (Lair:5)
  An orc knight (D:14)
  2 necromancers (Lair:5)
  A deep elf pyromancer (D:14)
  3 orc sorcerers
  10 ugly things
  6 cyclopes
  A worldbinder (Abyss:2)
  2 manticores
  12 elephants
  Joseph (D:8)
  A black mamba (Lair:1)
  2 dire elephant zombies (Lair:5)
  6 cane toads
  2 smoke demons
  An unseen horror (D:10)
  2 gargoyles
  A torpor snail (Lair:1)
  A kobold demonologist (D:12)
  3 yaktaurs
  3 rime drakes
  An efreet (D:14)
  3 freezing wraiths
  2 komodo dragons (Lair:5)
  Psyche (D:8)
  3 tengu conjurers
  6 trolls
  A meliai (D:14)
  An ancient zyme (Abyss:2)
  2 polar bears
  6 raiju (Abyss:2)
  9 blink frogs
  2 dream sheep
  3 slime creatures
  A spriggan (Lair:3)
  A centaur simulacrum (D:14)
  5 wyverns
  A water elemental (D:15)
  16 yaks
  6 wraiths
  4 basilisks
  2 large abominations (Abyss:2)
  A chaos spawn (Abyss:2)
  4 neqoxecs
  6 vampire mosquitoes
  2 steam dragons (D:8)
  Menkaure (D:7)
  A spectral cane toad (Lair:5)
  12 water moccasins
  5 orc warriors
  2 sky beasts
  An elephant zombie (Lair:5)
  9 wolves
  A boggart (D:13)
  An ogre (Orc:2)
  8 centaurs
  9 bullfrogs
  5 kobold brigands
  A gnoll sergeant (D:11)
  A scorpion (D:5)
  4 wights (Abyss:2)
  Dowan (D:7)
  4 killer bees
  A howler monkey (D:7)
  A quasit (Abyss:2)
  A hound (D:7)
  A jelly (D:5)
  2 orc priests (Orc:1)
  An iguana (D:7)
  9 orc wizards
  A small abomination (Abyss:2)
  A mummy (D:10)
  5 gnolls
  2 adders
  3 shadow imps
  2 worms
  25 orcs
  4 ball pythons
  4 bats
  4 endoplasms
  6 giant cockroaches
  8 goblins
  6 hobgoblins
  5 jackals
  13 kobolds
  4 quokkas
  3 frilled lizards
  A rat (D:2)
391 creatures vanquished.

Vanquished Creatures (collateral kills)
  A shadow dragon (D:14)
  Roxanne (D:15)
  A stone giant (D:15)
  An ettin (D:14)
  Fannar (Lair:2)
  Josephine (D:11)
  Erolcha (D:11)
  4 centaur warriors
  A death yak (Lair:3)
  An orc high priest (Orc:2)
  A tengu warrior (D:13)
  Nergalle (D:10)
  2 wretched stars (Abyss:2)
  A skyshark (Lair:4)
  2 skeletal warriors (D:15)
  A large abomination (Abyss:2)
  2 orc knights
  Pikel (D:7)
  2 necromancers (Lair:5)
  2 manticores (D:14)
  4 ugly things
  An oklob plant (D:11)
  An orc sorcerer (Orc:2)
  A cyclops (Orc:2)
  Maurice (D:8)
  2 black mambas (Lair:4)
  8 elephants
  An unseen horror (D:12)
  Maggie (D:10)
  An efreet (Abyss:2)
  6 cane toads
  A rime drake (Lair:5)
  An unseen horror (shapeshifter) (D:13)
  A yaktaur (D:13)
  An ice devil (D:14)
  A hellwing (D:14)
  2 trolls (D:7)
  A hornet (D:10)
  4 blink frogs (Lair:5)
  A tarantella (Lair:3)
  A spectral elephant (Lair:5)
  4 dream sheep (Lair:5)
  2 polar bears (Lair:4)
  2 raiju (Abyss:2)
  A dream sheep (shapeshifter) (D:14)
  A culicivora (shapeshifter) (D:14)
  4 wraiths
  A shadow (D:10)
  10 yaks
  A ynoxinul (Abyss:2)
  A basilisk (Lair:3)
  A chaos spawn (D:14)
  Grum (D:8)
  A neqoxec (D:14)
  3 steam dragons
  3 vampire mosquitoes
  A warg (Orc:2)
  6 water moccasins
  Duvessa (D:7)
  4 orc warriors
  A black bear (D:6)
  2 ice beasts (D:5)
  3 sky beasts (D:8)
  8 wolves
  An ogre (D:3)
  4 centaurs
  A phantom (D:5)
  2 kobold brigands
  7 bullfrogs
  2 gnoll sergeants
  2 necrophages
  4 scorpions
  10 wights
  9 killer bees (D:9)
  5 howler monkeys
  2 orc priests
  5 hounds
  4 jellies
  2 iguanas (D:5)
  8 orc wizards
  4 gnolls
  4 adders
  3 shadow imps
  2 white imps
  15 orcs
  A giant cockroach (D:4)
  A jackal (D:3)
  3 kobolds
  3 quokkas
235 creatures vanquished.

Vanquished Creatures (others)
  41 battlemagi
  18 ancestors
  3 demonic plants (D:14)
  18 fungi
  A lurking horror (Abyss:2)
  57 plants
  21 withered plants (Lair:5)
159 creatures vanquished.

Grand Total: 785 creatures vanquished

Notes
Turn   | Place    | Note
-------+----------+-------------------------------------------
     0 | D:1      | IndexError the Gargoyle Hexslinger began the quest for the
                  | Orb.
     0 | D:1      | Reached XP level 1. HP: 12/12 MP: 2/2
   149 | D:1      | Reached XP level 2. HP: 16/16 MP: 3/3
   380 | D:1      | Reached skill level 3 in Hexes
   743 | D:2      | Reached skill level 3 in Ranged Weapons
   769 | D:2      | Reached XP level 3. HP: 20/20 MP: 4/4
  1290 | D:2      | Found a faded altar of an unknown god.
  1298 | D:2      | Prayed at the altar of an unknown god.
  1298 | D:2      | Became a worshipper of Hepliaklqana the Forgotten
  1298 | D:2      | Reached * piety under Hepliaklqana
  1410 | D:3      | Found a glowing silver altar of Zin.
  1703 | D:3      | Reached XP level 4. HP: 22/22 MP: 5/5
  1815 | D:1      | Reached skill level 4 in Ranged Weapons
  2187 | D:3      | Found a stormy altar of Qazlal.
  2223 | D:4      | Noticed a yak
  2223 | D:4      | Noticed a yak
  2223 | D:4      | Noticed a yak
  2223 | D:4      | Noticed a yak
  2223 | D:4      | Found a sand-covered staircase.
  2224 | D:4      | Noticed a yak
  2324 | D:4      | Noticed an ogre
  2324 | D:4      | Noticed a scorpion
  2699 | D:3      | Killed a scorpion
  2700 | D:3      | Reached XP level 5. HP: 18/26 MP: 3/6
  2843 | D:3      | HP: 6/26 [ogre/+0 giant spiked club (20)]
  2904 | D:3      | Killed an ogre
  2905 | D:3      | Reached skill level 5 in Ranged Weapons
  2905 | D:3      | Reached skill level 4 in Hexes
  2905 | D:3      | Reached XP level 6. HP: 24/30 MP: 5/7
  3052 | D:3      | Killed a yak
  3194 | D:3      | Killed a yak
  3195 | D:3      | Reached skill level 6 in Ranged Weapons
  3195 | D:3      | Reached XP level 7. HP: 34/34 MP: 4/8
  3265 | D:4      | Reached ** piety under Hepliaklqana
  3620 | D:3      | Killed a yak
  3621 | D:3      | Reached skill level 7 in Ranged Weapons
  3621 | D:3      | Reached skill level 5 in Hexes
  3736 | D:3      | HP: 2/34 [yak (13)]
  3830 | D:3      | Remembered your ancestor Samara as a battlemage
  3864 | D:3      | Killed a yak
  4029 | D:4      | Reached XP level 8. HP: 38/38 MP: 9/9
  4388 | D:4      | Killed a yak
  4660 | D:5      | Entered Level 5 of the Dungeon
  4660 | D:5      | Found Viaprin's Jewellery Shop.
  4660 | D:5      | Found Isafiptuit's Magic Scroll Shoppe.
  4757 | D:5      | Reached skill level 8 in Ranged Weapons
  4908 | D:5      | Found Buxy's Magic Scroll Emporium.
  5227 | D:5      | Reached skill level 6 in Hexes
  5445 | D:5      | Noticed a +0 spear
  5446 | D:5      | Noticed a +0 falchion
  5447 | D:5      | Noticed a +0 short sword
  5447 | D:5      | Noticed a +0 dagger
  5447 | D:5      | Noticed a +0 spear
  5447 | D:5      | Noticed a +0 falchion
  5448 | D:5      | Noticed a +0 dagger
  5449 | D:5      | Noticed a +0 short sword
  5460 | D:5      | Found a hide-covered altar of Uskayaw.
  5657 | D:5      | Reached skill level 9 in Ranged Weapons
  5689 | D:5      | Found Melix's Assorted Antiques.
  5692 | D:5      | Bought an inky potion for 23 gold pieces
  5692 | D:5      | Bought a fuming inky potion for 23 gold pieces
  5692 | D:5      | Bought a tubular marble ring for 130 gold pieces
  5828 | D:5      | Found Galiwicsue's Weapon Shop.
  5919 | D:5      | Reached XP level 9. HP: 42/42 MP: 10/10
  6121 | D:6      | Reached skill level 10 in Ranged Weapons
  6158 | D:6      | Reached skill level 7 in Hexes
  6269 | D:6      | Found Horroco's Book Boutique.
  6297 | D:6      | Reached skill level 2 in Fighting
  6505 | D:6      | Reached skill level 3 in Fighting
  6624 | D:6      | Reached *** piety under Hepliaklqana
  6712 | D:6      | Reached skill level 4 in Fighting
  6712 | D:6      | Found a glowing golden altar of the Shining One.
  6749 | D:6      | Found a broken altar of Ashenzari.
  6768 | D:6      | Found a burning altar of Makhleb.
  6866 | D:6      | Found a shimmering blue altar of Sif Muna.
  7181 | D:7      | Learned a level 3 spell: Tukima's Dance
  7186 | D:7      | Learned a level 4 spell: Cause Fear
  7406 | D:7      | Found a staircase to the Ecumenical Temple.
  7489 | D:7      | Found a radiant altar of Vehumet.
  7528 | D:7      | Reached skill level 5 in Fighting
  7605 | D:7      | Reached skill level 11 in Ranged Weapons
  7609 | D:7      | Reached XP level 10. HP: 48/53 MP: 11/11
  7620 | D:7      | Noticed Menkaure
  7624 | D:7      | Killed Menkaure
  7671 | D:7      | Reached skill level 6 in Fighting
  7821 | D:7      | Noticed Pikel
  7841 | D:7      | Killed Pikel
  7901 | D:7      | Noticed a manticore
  7919 | D:7      | Killed a manticore
  7920 | D:7      | Reached skill level 7 in Fighting
  7976 | D:7      | Noticed a cyclops
  7985 | D:7      | Reached skill level 12 in Ranged Weapons
  8168 | D:7      | Noticed Dowan
  8170 | D:7      | Noticed Duvessa
  8242 | D:7      | Killed Duvessa
  8250 | D:7      | Killed Dowan
  8356 | D:7      | Found a basalt altar of Yredelemnul.
  8458 | D:7      | Killed a cyclops
  8459 | D:7      | Reached skill level 8 in Fighting
  8533 | D:7      | Noticed a skeletal warrior
  8884 | D:7      | Killed a skeletal warrior
  8885 | D:7      | Reached XP level 11. HP: 62/62 MP: 12/12
  9058 | D:7      | Identified the ring "Eczufu Kodgh" {Fire rN+ Str+5}
  9061 | D:7      | Got Nyhuakk's Disquisition on the Posthumous Comitatus
  9062 | D:7      | Identified the +5 ring mail of the Hills {Fly rC- Will+
                  | Dex+3}
  9337 | D:8      | Reached **** piety under Hepliaklqana
  9397 | D:8      | Noticed Grum
  9445 | D:7      | Reached skill level 9 in Fighting
  9569 | D:8      | Killed Grum
  9585 | D:8      | Noticed Joseph
  9606 | D:8      | Killed Joseph
  9838 | D:8      | Reached skill level 13 in Ranged Weapons
  9898 | D:8      | Identified the +10 arbalest of Pouhuon {elec, rElec}
 10022 | D:8      | Noticed Maurice
 10037 | D:8      | Killed Maurice
 10150 | D:8      | Found an ancient bone altar of Kikubaaqudgha.
 10228 | D:8      | Found a bloodstained altar of Trog.
 10327 | D:8      | Noticed Psyche
 10392 | D:8      | Killed Psyche
 10393 | D:8      | Reached skill level 10 in Fighting
 10788 | D:9      | Noticed a two-headed ogre
 10889 | D:9      | Reached skill level 2 in Spellcasting
 11081 | D:9      | Noticed a two-headed ogre
 11087 | D:9      | Killed a two-headed ogre
 11088 | D:9      | Reached skill level 3 in Spellcasting
 11274 | D:9      | Killed a two-headed ogre
 11275 | D:9      | Reached skill level 4 in Spellcasting
 11350 | D:9      | Reached ***** piety under Hepliaklqana
 11526 | D:9      | Reached skill level 5 in Spellcasting
 11614 | D:10     | Entered Level 10 of the Dungeon
 11614 | D:10     | Noticed Maggie
 11620 | D:10     | Killed Maggie
 11699 | D:10     | Found Yrextin's Distillery.
 11869 | D:10     | Noticed a two-headed ogre
 11879 | D:10     | Killed a two-headed ogre
 11880 | D:10     | Reached skill level 6 in Spellcasting
 11931 | D:10     | Found a snail-covered altar of Cheibriados.
 12031 | D:10     | Noticed Nergalle
 12042 | D:10     | Killed Nergalle
 12043 | D:10     | Reached XP level 12. HP: 69/69 MP: 17/22
 12189 | D:10     | Found a sacrificial altar of Ru.
 12218 | D:10     | Reached skill level 7 in Spellcasting
 12619 | D:11     | Reached skill level 1 in Armour
 12659 | D:11     | Noticed Erolcha
 12678 | D:11     | Killed Erolcha
 12696 | D:11     | Reached skill level 2 in Armour
 12986 | D:11     | Reached skill level 14 in Ranged Weapons
 13156 | D:11     | Reached skill level 3 in Armour
 13399 | D:11     | Found a staircase to the Lair.
 13716 | D:11     | Noticed Snorg
 13759 | D:11     | Killed Snorg
 13979 | D:11     | Reached skill level 4 in Armour
 14104 | D:11     | Noticed Josephine
 14109 | D:11     | Killed Josephine
 14115 | D:11     | Reached skill level 11 in Fighting
 14720 | D:12     | HP: 17/72 [manticore (6)]
 15145 | D:12     | Found a staircase to the Orcish Mines.
 15242 | D:12     | Reached skill level 5 in Armour
 15482 | D:12     | Learned a level 3 spell: Portal Projectile
 15603 | Lair:1   | Entered Level 1 of the Lair of Beasts
 15607 | Lair:1   | Reached skill level 15 in Ranged Weapons
 15731 | Lair:1   | Reached XP level 13. HP: 75/75 MP: 23/23
 15892 | Lair:1   | Reached skill level 6 in Armour
 16085 | Lair:1   | Reached skill level 12 in Fighting
 16191 | Lair:1   | Reached skill level 7 in Armour
 16694 | Lair:2   | Found a staircase to the Swamp.
 16725 | Lair:2   | Reached skill level 8 in Armour
 17370 | Lair:2   | Reached ****** piety under Hepliaklqana
 17460 | Lair:2   | Noticed Fannar
 17463 | Lair:2   | Reached skill level 1 in Invocations
 17835 | D:5      | Bought the amulet of Yroal {rC+++ rN+ Regen+ MP-9 Str+6}
                  | for 838 gold pieces
 18315 | Lair:2   | Killed Fannar
 18567 | Lair:3   | Reached skill level 2 in Invocations
 18688 | Lair:3   | Found a hole to the Spider Nest.
 18722 | Lair:3   | Reached skill level 9 in Armour
 18722 | Lair:3   | Reached skill level 3 in Invocations
 18829 | Lair:3   | Reached skill level 4 in Invocations
 18850 | Lair:3   | HP: 10/77 [death yak (19)]
 18873 | Lair:2   | HP: 18/77 [death yak (14)]
 18904 | Lair:2   | Reached skill level 5 in Invocations
 19030 | Lair:3   | Reached skill level 10 in Armour
 19430 | Lair:3   | Reached skill level 6 in Invocations
 19906 | Lair:4   | Gained mutation: Your large and strong wings let you fly.
                  | [Gargoyle growth]
 19906 | Lair:4   | Reached XP level 14. HP: 82/82 MP: 15/24
 20155 | Lair:4   | Reached skill level 7 in Invocations
 20411 | Lair:5   | Entered Level 5 of the Lair of Beasts
 20416 | Lair:5   | Reached skill level 11 in Armour
 20755 | Lair:5   | Reached skill level 8 in Invocations
 20810 | Lair:5   | Found a sparkling altar of Nemelex Xobeh.
 20923 | Lair:5   | Reached skill level 12 in Armour
 21151 | Lair:5   | Reached skill level 9 in Invocations
 21254 | Lair:5   | Found a runed translucent door.
 21255 | Lair:5   | Found a viscous altar of Jiyva.
 21294 | Lair:5   | Found a staircase to the Slime Pits.
 21447 | Lair:5   | Noticed a dire elephant
 21447 | Lair:5   | Noticed a dire elephant
 21447 | Lair:5   | Noticed a dire elephant
 21454 | Lair:5   | Noticed a dire elephant
 21469 | Lair:5   | Killed a dire elephant
 21470 | Lair:5   | Reached skill level 10 in Invocations
 21536 | Lair:5   | Noticed a dire elephant
 21547 | Lair:5   | Killed a dire elephant
 21678 | Lair:5   | Reached skill level 11 in Invocations
 21818 | Lair:5   | Killed a dire elephant
 21820 | Lair:5   | Killed a dire elephant
 21824 | Lair:5   | Killed a dire elephant
 21887 | Lair:5   | Reached skill level 12 in Invocations
 21926 | Lair:5   | Reached XP level 15. HP: 86/86 MP: 16/25
 22787 | D:13     | Reached skill level 13 in Fighting
 22879 | D:13     | Found a gate to the Vaults.
 23324 | D:14     | Noticed Agnes
 23328 | D:14     | Killed Agnes
 23398 | D:14     | Reached skill level 16 in Ranged Weapons
 23628 | D:14     | Reached skill level 14 in Fighting
 23832 | D:14     | Found Igim's Vocational Training.
 24039 | D:14     | Noticed Louise
 24059 | Abyss:2  | Found a corrupted altar of Lugonu.
 24059 | Abyss:2  | Cast into level 2 of the Abyss (Louise)
 24205 | Abyss:2  | Noticed a bone dragon
 24223 | Abyss:2  | Killed a bone dragon
 24225 | Abyss:2  | Reached XP level 16. HP: 59/96 MP: 17/26
 24236 | Abyss:2  | HP: 15/96 [smoke demon/divine providence (14)]
 24275 | Abyss:2  | Reached skill level 17 in Ranged Weapons
 24319 | Abyss:2  | HP: 24/96 [rakshasa/lance of force (14)]
 24323 | Abyss:2  | Reached skill level 15 in Fighting
 24343 | Abyss:2  | Found a corrupted altar of Lugonu.
 24363 | Abyss:2  | Found a corrupted altar of Lugonu.
 24406 | D:14     | Escaped the Abyss
 24429 | D:15     | Entered Level 15 of the Dungeon
 24559 | D:14     | Killed Louise
 25124 | D:14     | Noticed a shadow dragon
 25130 | D:14     | Killed a shadow dragon
 25153 | D:14     | Got Sif Muna's Directory of Ironbound Arson
 25497 | D:15     | Noticed Nessos
 25511 | D:15     | Killed Nessos
 25766 | D:15     | Reached skill level 16 in Fighting
 25814 | D:15     | Found a shimmering altar of Xom.
 25866 | D:15     | Found a staircase to the Depths.
 25987 | D:15     | Noticed Roxanne
 26002 | D:15     | Killed Roxanne
 26283 | Orc:1    | Entered Level 1 of the Orcish Mines
 26313 | Orc:1    | Reached skill level 18 in Ranged Weapons
 26456 | Orc:2    | Entered Level 2 of the Orcish Mines
 26623 | Orc:2    | Learned a level 2 spell: Blink
 26628 | Orc:2    | Learned a level 4 spell: Passage of Golubria
 26766 | Orc:2    | Noticed Saint Roka
 26768 | Orc:2    | Reached skill level 1 in Translocations
 26775 | Orc:2    | HP: 17/99 [Saint Roka/divine providence (12)]
 26779 | Orc:2    | Slain by an orc knight

Illustrated notes

Levels and vault maps discovered:
D:1:      scummos_arrival_simple_crosswalls, layout_basic, st_stairs_7,
          minmay_misc_feat_alley
D:2:      layout_loops_ring, dilly_ecumenical_altar_fadedgnrine
D:3:      layout_loops_ring, mainiacjoe_overflow_alcove_2, lemuel_crystal_altar
D:4:      layout_loops_ring, enter_ossuary_1, serial_forest,
          infiniplex_forest_side_room, infiniplex_forest_straight_4,
          infiniplex_forest_clump_curved, infiniplex_forest_clump_small,
          infiniplex_forest_straight_3, infiniplex_forest_lined_room_2,
          infiniplex_forest_lined_2, infiniplex_forest_straight_5,
          infiniplex_forest_straight_3, infiniplex_forest_zigzag_2,
          portal_sewer_entry_f, hex_medium
D:5:      minmay_razor_zed, layout_basic, nicolae_uskayaw_en_pointe,
          serial_shops, nicolae_lakefront_shop, kennysheep_mini_moat,
          kennysheep_mini, shop, nicolae_inconvenience_store
D:6:      layout_cave_pools, makhleb_blood_cavern_becter,
          mainiacjoe_overflow_alcove_1, mainiacjoe_overflow_paths,
          lemuel_doored_altar, serial_shops, nicolae_shop_waterfront
D:7:      minmay_the_grid_triangle_9x9_rhombus_full
          [minmay_the_grid_triangle_9x9_cache,
          minmay_the_grid_triangle_9x9_negative_grid,
          minmay_the_grid_triangle_9x9_semitri,
          minmay_the_grid_triangle_9x9_descending_squares,
          minmay_the_grid_triangle_9x9_zippers_vertical,
          minmay_the_grid_triangle_9x9_odd_lines,
          minmay_the_grid_triangle_9x9_shrine,
          minmay_the_grid_triangle_9x9_prize_insulated], layout_loops_cross,
          marbit_many_paths, fiery_altar_vehumet, temple_hall, uniq_duvessa,
          uniq_pikel, uniq_menkaure
D:8:      layout_gridville, kennysheep_little_box, mainiacjoe_overflow_alcove_4,
          hangedman_misty_isle, uniq_maurice, uniq_grum, uniq_psyche,
          uniq_joseph
D:9:      layout_loops_ring, eino_jars
D:10:     layout_roguey, mainiacjoe_overflow_boulevard, slow_altar_2,
          serial_shops, nicolae_shop_behind_doors, uniq_nergalle, uniq_maggie
D:11:     layout_stronghold, dpeg_oklobed_lair, uniq_erolcha, uniq_josephine,
          uniq_snorg
D:12:     layout_loops_corners, orc_0_dummy
D:13:     layout_rooms, hangedman_vaults_entry_quadrant_bands
D:14:     nzn_winding_woodlands_large [nzn_winding_woodlands_5x5_open_star,
          nzn_winding_woodlands_5x15_pool, nzn_winding_woodlands_5x5_cross,
          nzn_winding_woodlands_center_pierced_h,
          nzn_winding_woodlands_15x15_boxy_spiral,
          nzn_winding_woodlands_center_diamonds,
          nzn_winding_woodlands_5x5_closed_star,
          nzn_winding_woodlands_5x15_split_checker,
          nzn_winding_woodlands_hourglass], layout_basic, serial_demonic,
          serial_demonic_b, serial_demonic_a, serial_demonic_d,
          serial_demonic_c, nicolae_shop_vocational, uniq_agnes, uniq_louise
D:15:     grunt_enter_depths_snipers, layout_basic, xom_teletrap_fun,
          uniq_roxanne, uniq_nessos
Lair:1:   layout_cave_pods
Lair:2:   layout_cave_pods, swamp_mist, uniq_fannar
Lair:3:   layout_concentric_octagons, spider_nest_entry_rubble, serial_forest,
          infiniplex_forest_diagonal, infiniplex_forest_lined_3,
          infiniplex_forest_lined_4_way, infiniplex_forest_end_double,
          infiniplex_forest_clump_small, infiniplex_forest_straight_4,
          infiniplex_forest_end_2, grunt_forest_large_clearing_hut
Lair:4:   layout_cave_shapes, beast_lair_carwin_11
Lair:5:   due_jungle_book, layout_cave_pods, slime_entry_2, basic_altar,
          chequers_serial_rivers_room_a
Orc:1:    layout_diamond_mine, serial_shops, shop, minmay_shop_mass
Orc:2:    grunt_orc_cross, layout_diamond_mine, mines4_lemuel

Skill      XL: |  1  2  3  4  5  6  7  8  9 10 11 12 13 14 15 16 |
---------------+-------------------------------------------------+-----
Hexes          | 3 4 5 6 7 |  7.1
Ranged Weapons | 3 4 5 6 7 9 11 12 13 15 16 18 | 18.0
Fighting       | 5 8 10 11 12 14 16 | 16.4
Spellcasting   | 6 7 |  7.1
Armour         | 5 10 12 | 12.0
Invocations    | 6 12 | 12.0
Translocations | 1 |  1.0
Dodging        | |  1.5

Action                     |  1- 3 |  4- 6 |  7- 9 | 10-12 | 13-15 | 16-18 || total
---------------------------+-------+-------+-------+-------+-------+-------++-------
   Fire: Sling             |   129 |    84 |   210 |       |       |       ||   423
         Shortbow          |       |       |    82 |   576 |   147 |       ||   805
         Arbalest          |       |       |       |       |   630 |   323 ||   953
   Cast: Slow              |       |    45 |    23 |    45 |     7 |       ||   120
         Cause Fear        |       |       |       |       |     2 |       ||     2
         Portal Projectile |       |       |       |       |     2 |     2 ||     4
 Invoke: Recall Ancestor   |       |     4 |     2 |     1 |     4 |       ||    11
         Ancestor Identity |       |     1 |       |       |       |       ||     1
         Ancestor Life: Ba |       |       |     1 |       |       |       ||     1
         Transference      |       |       |       |     1 |     1 |       ||     2
         Idealise          |       |       |       |       |     1 |       ||     1
  Evoke: Wand              |       |       |       |     1 |     1 |       ||     2
         Lightning rod     |       |       |       |       |       |     1 ||     1
         Phantom mirror    |       |       |       |       |       |     1 ||     1
    Use: Scroll            |       |       |    11 |    10 |    10 |     1 ||    32
         Potion            |       |       |       |     2 |       |       ||     2
 Armour: Robe              |    14 |       |     4 |     9 |       |       ||    27
         Leather armour    |    10 |    30 |    11 |       |       |       ||    51
         Ring mail         |       |       |       |   125 |   295 |    78 ||   498
  Dodge: Dodged            |    42 |    90 |    55 |   254 |   365 |   124 ||   930

Table legend: (Time is in decaauts)
 A = Elapsed time spent in this place.
 B = Non-inter-level travel time spent in this place.
 C = Inter-level travel time spent in this place.
 D = Time resting spent in this place.
 E = Time spent auto-exploring this place.
 F = Levels seen in this place.
 G = Mean time per level.
                   A        B        C        D        E       F      G
               +--------+--------+--------+--------+--------+-----+--------+
         Total |  26968 |  23325 |   3643 |    888 |  16410 |  23 | 1172.5 |
       Dungeon |  19824 |  17038 |   2786 |    575 |  11909 |  15 | 1321.6 |
          Lair |   6284 |   5452 |    832 |    221 |   4095 |   5 | 1256.8 |
  Orcish Mines |    499 |    475 |     24 |      0 |    350 |   2 |  249.5 |
         Abyss |    359 |    359 |      0 |     92 |     56 |   1 |  359.0 |
               +--------+--------+--------+--------+--------+-----+--------+

Top non-repeatable levels by time:
     D:7: 2554 daAuts
    D:11: 2148 daAuts
     D:3: 1995 daAuts
  Lair:5: 1717 daAuts
    D:14: 1620 daAuts
     D:5: 1606 daAuts
  Lair:2: 1337 daAuts
  Lair:1: 1307 daAuts
     D:8: 1283 daAuts
     D:4: 1241 daAuts
    D:12: 1238 daAuts
  Lair:3: 1112 daAuts
    D:15: 1053 daAuts
     D:9: 1025 daAuts
    D:10: 933 daAuts

Table legend:
 A = Kills in this place as a percentage of kills in entire the game.
 B = Kills by you in this place as a percentage of kills by you in the entire game.
 C = Kills by friends in this place as a percentage of kills by friends in the entire game.
 D = Other kills in this place as a percentage of other kills in the entire game.
 E = Experience gained in this place as a percentage of experience gained in the entire game.
 F = Experience gained in this place divided by the number of levels of this place that you have seen.
                   A       B       C       D       E      F
               +-------+-------+-------+-------+-------+----------------------
         Total | 100.0 | 100.0 | 100.0 |   N/A | 100.0 | 7321.2
       Dungeon |  61.3 |  57.8 |  67.2 |   N/A |  52.6 | 5901.6
          Lair |  26.8 |  28.4 |  24.3 |   N/A |  35.7 | 12008.6
  Orcish Mines |   6.7 |   7.7 |   5.1 |   N/A |   4.3 | 3588.0
         Abyss |   5.1 |   6.1 |   3.4 |   N/A |   7.5 | 12645.0
               +-------+-------+-------+-------+-------+----------------------
